AoeStats
← ccereal

Arena

509418625Analyzed
3v3 RM · 5d ago on Sep 26, 2026· 50m 12s· 6 players
Game mode
Random Map
Map size
Normal (6 player)
Population
200
Speed
Normal
Resources
Standard
Victory
Conquest
Starting age
Dark Age
Ending age
Imperial Age
RankedLock teamsTeams togetherTeam positionsShared explorationLock speedFull tech treeHidden civsTurbo modeCheats
Victory
Defeat
🇨🇿 Bohemians · Czechia
1494
+19
🇪🇸 Japanese · Spain
1474
+20
🇦🇷 Persians · Argentina
1448
+21
🇫🇷 Britons · France
1619
-22
🇩🇪 Gurjaras · Germany
1558
-20
🇫🇷 Malians · France
1517
-18
Skavio22
11:27 Feudal Age
12:29 Double-Bit Axe
12:36 Horse Collar
14:59 Castle Age
15:18 Loom
16:36 Scale Barding Armor
23:32 Town Watch
27:38 Forging
32:06 Bow Saw
36:11 Wheelbarrow
36:00 Heavy Plow
40:08 Hand Cart
40:28 Bloodlines
40:18 Husbandry
40:43 Town Patrol
41:53 Gold Mining
43:49 Chain Barding Armor
46:10 Imperial Age
44:29 Iron Casting
43:56 Husbandry
47:23 Imperial Age
45:20 Town Patrol
46:05 Gold Shaft Mining
45:20 Stone Mining
45:28 Fletching
46:59 Cavalier
47:00 Heavy Camel Rider
48:16 Plate Barding Armor
48:42 Two-Man Saw
48:13 Crop Rotation
49:07 Savar
50:29 Conscription
MISTER COLLEJAS
10:47 Feudal Age
14:34 Castle Age
12:55 Double-Bit Axe
13:20 Horse Collar
16:00 Bow Saw
18:32 Guard Tower
23:31 Heavy Plow
26:05 Wheelbarrow
25:20 Loom
25:23 Town Watch
29:52 Imperial Age
27:54 Hand Cart
28:44 Fletching
29:37 Ballistics
29:52 Bodkin Arrow
31:50 Chemistry
30:52 Bracer
30:59 Thumb Ring
30:19 Crossbowman
31:26 Arbalester
32:58 Padded Archer Armor
34:59 Capped Ram
37:37 Yasama
37:59 Conscription
37:59 Stone Mining
38:02 Gold Mining
39:18 Keep
38:28 Arrowslits
40:26 Murder Holes
40:12 Treadmill Crane
40:43 Masonry
42:18 Coinage
45:51 Banking
49:54 Hoardings
49:39 Leather Archer Armor
49:25 Elite Skirmisher
PetersCZ
9:21 Feudal Age
8:01 Loom
13:32 Castle Age
11:54 Double-Bit Axe
20:09 Redemption
20:23 Fletching
21:37 Sanctity
23:25 Fervor
24:49 Town Watch
27:48 Imperial Age
28:27 Chemistry
29:16 Block Printing
29:28 Illumination
29:38 Theocracy
29:49 Illumination
30:00 Theocracy
37:20 Bodkin Arrow
39:10 Murder Holes
39:36 Ballistics
41:03 Bracer
41:33 Pikeman
42:14 Scale Mail Armor
44:14 Bow Saw
43:44 Horse Collar
44:58 Chain Mail Armor
46:29 Forging
47:21 Plate Mail Armor
47:57 Halberdier
Tonymontana
9:31 Feudal Age
14:33 Castle Age
13:23 Double-Bit Axe
14:19 Horse Collar
19:41 Heavy Plow
19:54 Bow Saw
19:47 Loom
24:45 Gold Mining
28:49 Imperial Age
26:47 Forging
27:39 Stone Mining
28:25 Gold Shaft Mining
28:53 Wheelbarrow
29:54 Iron Casting
30:03 Elite Gbeto
31:27 Stone Shaft Mining
31:52 Scale Mail Armor
32:57 Hand Cart
32:28 Town Watch
33:15 Crop Rotation
33:21 Chain Mail Armor
33:36 Conscription
34:40 Fletching
34:51 Padded Archer Armor
35:06 Town Patrol
34:54 Elite Skirmisher
36:06 Conscription
35:44 Bodkin Arrow
36:45 Leather Archer Armor
38:04 Chemistry
37:25 Ballistics
37:42 Thumb Ring
38:28 Ring Archer Armor
39:37 Plate Mail Armor
39:58 Hoardings
39:48 Fortified Wall
43:49 Masonry
ccereal
8:18 Feudal Age
7:51 Loom
8:52 Double-Bit Axe
17:09 Castle Age
15:50 Fletching
16:31 Padded Archer Armor
23:01 Bodkin Arrow
26:13 Guard Tower
27:52 Bow Saw
30:17 Wheelbarrow
30:42 Wheelbarrow
30:28 Crossbowman
p0n0n0
9:16 Feudal Age
8:09 Loom
13:18 Castle Age
12:08 Double-Bit Axe
23:52 Bow Saw
23:26 Horse Collar
24:51 Wheelbarrow
27:17 Heavy Plow
30:04 Bloodlines
29:54 Husbandry
31:40 Scale Barding Armor
32:43 Forging
34:56 Husbandry
35:25 Chain Barding Armor
38:27 Light Cavalry
39:48 Hand Cart
44:42 Imperial Age
44:22 Stone Mining
44:24 Gold Mining
45:18 Scale Mail Armor
45:45 Kshatriyas
46:17 Conscription
46:38 Gold Shaft Mining
47:25 Chain Mail Armor
47:46 Iron Casting
48:00 Crop Rotation
47:31 Hussar
Connection lost

Rejoining the realm…

Still unreachable

The connection could not be restored.

Session expired

The server has moved on; the page needs a fresh start.